 Dungeon Crawl Stone Soup version 0.16-a0-296-gbdb9f68 (webtiles) character file.

959 Ololoev the Cudgeler (level 8, -4/72 HPs)
             Began as a Naga Wizard on Aug 29, 2014.
             Slain by Zgarb's ghost (14 damage)
             ... in a sewer.
             The game lasted 00:32:16 (6451 turns).

Ololoev the Cudgeler (Naga Wizard)                  Turns: 6451, Time: 00:32:16

HP  -4/72        AC  4     Str 11      XL: 8   Next: 14%
MP  17/25        EV  8     Int 19      God:
Gold 261         SH  3     Dex 10      Spells:  5 memorised,  2 levels left

rFire  . . .     SeeInvis +     p - +0 whip
rCold  . . .     Clarity  .     a - +0 robe
rNeg   . . .     rCorr    .     y - +0 buckler
rPois  +         rRot     .     r - +0 helmet
rElec  .         Spirit   .     (no cloak)
SustAb .         Warding  .     (no gloves)
rMut   .         Stasis   .     (no barding)
Gourm  .                        (no amulet)
MR     +....                    t - ring of wizardry
                                l - ring of magical power

@: very slow, somewhat resistant to hostile enchantments, unstealthy
A: spit poison, see invisible, deformed body, poison resistance, slowness 2, AC
+2
a: Spit Poison


You were in a sewer.
You were hungry.

You visited 2 branches of the dungeon, and saw 7 of its levels.
You also visited: Sewer.

You collected 300 gold pieces.
You spent 39 gold pieces at shops.

Inventory:

Hand weapons
 p - a +0 whip (weapon)
Armour
 a - a +0 robe (worn)
 e - a +1 ring mail of fire resistance
 r - a +0 helmet (worn)
 y - a +0 buckler (worn)
Comestibles
 d - 7 bread rations
 f - a beef jerky
 s - a meat ration
 z - a rotting chunk of giant cockroach flesh
Scrolls
 b - 2 scrolls of remove curse
 g - 5 scrolls of identify {unknown}
 k - 2 scrolls of teleportation
 m - a scroll of fog {unknown}
 n - 4 scrolls of enchant armour {unknown}
 x - a scroll of immolation
 A - 2 scrolls of magic mapping {unknown}
Jewellery
 l - a ring of magical power (left hand)
 t - a ring of wizardry (right hand)
 v - a +3 ring of strength {unknown}
Potions
 h - a potion of invisibility {unknown}
 i - 3 potions of heal wounds {unknown}
 j - 4 potions of curing {unknown}
 o - 2 potions of might {unknown}
 q - 2 potions of restore abilities {unknown}
 u - a potion of confusion {unknown}
Books
 c - a book of Minor Magic

   Spells                             Type                      Level
   *Magic Dart                        Conjuration                  1
   Blink                              Translocation                2
   *Call Imp                          Summoning                    2
   *Repel Missiles                    Charms/Air                   2
   Slow                               Hexes                        2
   *Conjure Flame                     Conjuration/Fire             3
   *Mephitic Cloud                    Conjuration/Poison/Air       3


   Skills:
 + Level 3.9 Fighting
 * Level 5.4 Maces & Flails
 - Level 1.5 Dodging
 - Level 3.0 Stealth
 - Level 0.2 Unarmed Combat
 - Level 3.0 Spellcasting
 - Level 2.8 Conjurations
 - Level 1.5 Summonings
   Level 1.0 Translocations
 - Level 2.7 Fire Magic
 - Level 2.5 Air Magic
 - Level 3.0 Poison Magic


You had 2 spell levels left.
You knew the following spells:

 Your Spells              Type           Power        Failure   Level  Hunger
a - Magic Dart            Conj           ##..         3%          1    None
b - Call Imp              Summ           #.......     7%          2    ##.....
c - Repel Missiles        Chrm/Air       #.....       7%          2    ##.....
d - Mephitic Cloud        Conj/Pois/Air  ##......     7%          3    ###....
e - Conjure Flame         Conj/Fire      ##......     7%          3    ###....


Dungeon Overview and Level Annotations

Branches:
Dungeon (6/15)             Temple (1/1) D:4

Altars:
Ashenzari
Cheibriados
Dithmenos
Elyvilon
Fedhas
Gozag
Kikubaaqudgha
Makhleb
Qazlal
Trog
Vehumet
Xom
Zin

Shops:
D:4 *

Annotations:
Sewer Zgarb's ghost, average MiFi


Innate Abilities, Weirdness & Mutations

You cannot wear boots.
You can spit poison.
Your serpentine skin is tough (AC +2).
You have supernaturally acute eyesight.
Armour fits poorly on your strangely shaped body.
Your system is resistant to poisons.
You cover ground very slowly.


Message History

Zgarb's ghost is engulfed in roaring flames.
Zgarb's ghost hits you.
You hit Zgarb's ghost but do no damage.
Zgarb's ghost is severely damaged.
Zgarb's ghost is engulfed in roaring flames.
Zgarb's ghost hits you.
You hit Zgarb's ghost but do no damage.
Zgarb's ghost is almost destroyed.
You hit Zgarb's ghost but do no damage.
Zgarb's ghost is almost destroyed.
Zgarb's ghost barely misses you.
You hit Zgarb's ghost but do no damage.
Zgarb's ghost is almost destroyed.
Zgarb's ghost hits you.
You are electrocuted!
* * * LOW HITPOINT WARNING * * *
Casting: Conjure Flame
Confirm with . or Enter, or press ? or * to list all spells.
A shadowy apparition takes form in the air.
Zgarb's ghost hits you!
You die...

....≈≈≈P≈
#...≈.≈..P≈
....≈.≈≈.P.
#≈≈W.≈.≈...≈
#.≈≈≈.≈≈...≈
#####≈......≈≈≈
≈≈≈≈≈≈.≈≈.≈≈≈.≈≈≈
##
##≈≈%#########.#
.##
##≈.P.§W@5≈≈≈≈≈≈#
P.# ≈
#.≈...####P####≈#
#.##≈# #..≈..≈# #
≈..#≈# #..≈≈≈≈#
#..#≈# ##.######
...#≈###..≈≈≈≈≈#
≈∩.#≈##..≈######
≈∩.#≈#≈.≈.≈≈..≈#
≈≈≈#≈#..≈≈≈..≈.#


You could see Zgarb's ghost and a friendly shadow imp.

Vanquished Creatures
  A sky beast (D:5)
  An ogre (D:5)
  A necrophage (D:2)
  A centaur (D:5)
  A giant frog (D:4)
  2 scorpions
  An orc wizard (D:3)
  A hound (D:3)
  3 iguanas
  2 worker ants (D:5)
  Natasha (thrice) (D:3)
  The ghost of nht the Bolt Thrower, a weakling MiHu (D:3)
  A gnoll (D:5)
  9 adders
  A shadow imp (D:5)
  4 worms
  An adder zombie (D:5)
  3 giant geckos
  2 oozes
  5 orcs
  9 bats
  6 giant cockroaches
  10 goblins
  11 hobgoblins
  14 jackals
  A quokka (D:4)
  A ball python (D:1)
  5 giant newts
  A gnoll skeleton (D:5)
  A goblin skeleton (D:5)
  A jackal skeleton (D:4)
  12 kobolds
  11 rats
  A rat skeleton (D:4)
  3 plants (Sewer)
131 creatures vanquished.

Vanquished Creatures (collateral kills)
  A crimson imp (D:2)
  An ooze (D:1)
  A hobgoblin (D:1)
  2 jackals (D:1)
  A goblin (D:2)
6 creatures vanquished.

Vanquished Creatures (others)
  A crimson imp (D:3)
  A white imp (D:3)
2 creatures vanquished.

Grand Total: 139 creatures vanquished

Notes
Turn   | Place    | Note
--------------------------------------------------------------
     0 | D:1      | Ololoev, the Naga Wizard, began the quest for the Orb.
     0 | D:1      | Reached XP level 1. HP: 15/15 MP: 4/4
   315 | D:1      | Reached XP level 2. HP: 22/22 MP: 4/6
   335 | D:1      | Learned a level 2 spell: Call Imp
   338 | D:1      | Learned a level 2 spell: Repel Missiles
  1201 | D:1      | Reached XP level 3. HP: 28/28 MP: 7/7
  1399 | D:1      | Reached skill level 1 in Air Magic
  1407 | D:1      | Learned a level 3 spell: Mephitic Cloud
  1727 | D:2      | Reached skill level 1 in Poison Magic
  1830 | D:2      | Noticed a necrophage
  1852 | D:2      | Killed a necrophage
  1852 | D:2      | Reached XP level 4. HP: 6/36 MP: 5/9
  1852 | D:2      | Reached XP level 5. HP: 7/42 MP: 5/11
  2425 | D:3      | Noticed Natasha
  2462 | D:3      | Killed Natasha
  2462 | D:3      | Reached skill level 1 in Maces & Flails
  2616 | D:3      | Reached skill level 1 in Fighting
  2831 | D:3      | Noticed Natasha
  2837 | D:3      | Killed Natasha
  2854 | D:3      | Reached XP level 6. HP: 45/51 MP: 12/12
  3143 | D:3      | Noticed nht's ghost (weakling MiHu)
  3159 | D:3      | Killed nht's ghost
  3403 | D:3      | Noticed Natasha
  3406 | D:3      | Killed Natasha
  3622 | D:4      | Found Ceoger's General Store.
  3632 | D:4      | Bought a scroll of teleportation for 39 gold pieces
  3822 | D:4      | Reached XP level 7. HP: 61/61 MP: 14/14
  3910 | D:4      | Reached skill level 4 in Maces & Flails
  4046 | D:4      | Learned a level 3 spell: Conjure Flame
  4097 | D:4      | Found an ancient bone altar of Kikubaaqudgha.
  4309 | D:4      | Found a staircase to the Ecumenical Temple.
  4315 | Temple   | Entered the Ecumenical Temple
  4696 | D:5      | Entered Level 5 of the Dungeon
  4696 | D:5      | Found a bloodstained altar of Trog.
  4915 | D:5      | Reached skill level 1 in Fire Magic
  5256 | D:5      | Reached skill level 5 in Maces & Flails
  5256 | D:5      | Reached XP level 8. HP: 33/69 MP: 8/16
  6046 | D:6      | Found a glowing drain.
  6091 | Sewer    | Entered a sewer
  6436 | Sewer    | Noticed Zgarb's ghost (average MiFi)
  6451 | Sewer    | Slain by Zgarb's ghost

Action                   |  1- 3 |  4- 6 |  7- 9 || total
-------------------------+-------+-------+-------++-------
Melee: Unarmed           |    40 |       |       ||    40
       Mace              |     6 |       |       ||     6
       Whip              |       |   135 |   417 ||   552
 Cast: Magic Dart        |    55 |    58 |    35 ||   148
       Call Imp          |     8 |     6 |     1 ||    15
       Repel Missiles    |     1 |       |       ||     1
       Mephitic Cloud    |       |     7 |    13 ||    20
       Conjure Flame     |       |       |     8 ||     8
 Abil: Spit Poison       |    20 |    30 |    22 ||    72
  Use: Scroll            |     4 |     1 |       ||     5
 Stab: Sleeping          |     1 |       |       ||     1
       Confused          |       |     3 |     5 ||     8
  Eat: Chunk             |     4 |     9 |     6 ||    19
       Meat ration       |       |       |     1 ||     1
       Pizza             |       |       |     1 ||     1
